 Dungeon Crawl Stone Soup version 0.22-a0-525-gf69a080 (webtiles) character file.

157738 KristoblXynda the Devastator (level 17, -2/140 HPs)
             Began as a Red Draconian Conjurer on June 20, 2018.
             Was the Champion of Ashenzari.
             Slain by a demonic crawler (8 damage)
             ... on level 1 of the Spider Nest.
             The game lasted 02:29:09 (45688 turns).

KristoblXynda the Devastator (DrCj)                Turns: 45688, Time: 02:29:13

Health: -2/140     AC:  0    Str: 11    XL:     17   Next: 13%
Magic:  9/36       EV: 19    Int: 21    God:    Ashenzari [******]
Gold:   1959       SH: 12    Dex: 13    Spells: 22/46 levels left

rFire    + + .     SeeInvis +   w - +6 scimitar (flame) (curse)
rCold    . . .     Gourm    .   s - +2 buckler {rF+} (curse)
rNeg     . . .     Faith    .   (armour unavailable)
rPois    +         Spirit   .   B - +1 hat (curse)
rElec    .         Reflect  +   C - scarf {repulsion}
rCorr    .         Harm     .   t - +2 pair of gloves (curse)
MR       +....     Clarity  +   v - +2 pair of boots {run} (curse)
Stlth    +++.......             c - +5 amulet of reflection (curse)
HPRegen  0.33/turn              r - ring of poison resistance
MPRegen  0.25/turn              a - ring of wizardry (curse)

@: corroded, very slightly contaminated, repel missiles, quick
A: breathe fire, unfitting armour, fire resistance 1, cold-blooded, AC +9
a: Breathe Fire, Curse Item, Scrying, Transfer Knowledge, Renounce Religion


You were on level 1 of the Spider Nest.
You worshipped Ashenzari.
Ashenzari was exalted by your worship.
You were very hungry.

You visited 7 branches of the dungeon, and saw 28 of its levels.
You also visited: Labyrinth and Ice Cave.

You collected 2239 gold pieces.
You spent 280 gold pieces at shops.

Inventory:

Hand Weapons
 w - a cursed +6 scimitar of flaming (weapon)
 F - a +2 scimitar of holy wrath
Missiles
 o - a throwing net (quivered)
Armour
 s - a cursed +2 buckler of fire resistance (worn)
 t - a cursed +2 pair of gloves (worn)
 v - a cursed +2 pair of boots of running (worn)
 B - a cursed +1 hat (worn)
 C - a scarf of repulsion (worn)
 P - a +2 shield of protection
Jewellery
 a - a cursed ring of wizardry (right hand)
 c - a cursed +5 amulet of reflection (around neck)
 r - a ring of poison resistance (left hand)
Wands
 f - a wand of paralysis (46)
 y - a wand of digging (8)
 D - a wand of disintegration (39)
 R - a wand of iceblast (4)
Scrolls
 e - 5 scrolls of magic mapping
 g - 4 scrolls of fog
 i - a scroll of identify
 j - 6 scrolls of teleportation
 m - 5 scrolls of remove curse
 A - a scroll of silence
 K - a scroll of holy word
 M - 2 scrolls of blinking
Potions
 h - 2 potions of flight
 k - 2 potions of invisibility
 l - 3 potions of cancellation
 n - 3 potions of agility
 p - 3 potions of haste
 q - 2 potions of resistance
 u - a potion of ambrosia
 x - 3 potions of curing
 z - 3 potions of might
 G - 2 potions of berserk rage
 I - a potion of mutation
 J - a potion of lignification
 L - 3 potions of brilliance
Miscellaneous
 E - a phial of floods
 H - a lamp of fire (inert)
Comestibles
 b - 29 rations


   Skills:
 - Level 10.2 Fighting
 - Level 10.2(14.4) Long Blades
 + Level 8.9(11.8) Dodging
 + Level 2.1(4.4) Stealth
 - Level 3.2(5.9) Shields
 + Level 15.2 Spellcasting
 + Level 15.6(18.1) Conjurations
 - Level 5.3(8.3) Necromancy
 - Level 5.6(8.7) Fire Magic
 - Level 5.0(8.0) Ice Magic
 - Level 5.2(8.2) Earth Magic
 - Level 0.4(1.5) Poison Magic
 - Level 9.0(11.9) Evocations


You had 22 spell levels left.
You knew the following spells:

 Your Spells              Type           Power        Failure   Level  Hunger
a - Magic Dart            Conj           ####         0%          1    None
b - Freezing Cloud        Conj/Ice/Air   ######....   6%          6    #####..
c - Mephitic Cloud        Conj/Pois/Air  #####...     1%          3    None
d - Force Lance           Conj/Tloc      ######..     1%          4    None
e - Borgnjor's Vile Clut  Necr/Erth      ######....   1%          5    ###....
f - Fireball              Conj/Fire      ######....   1%          5    ###....

Your spell library contained the following spells:

 Spells                   Type           Power        Failure   Level  Hunger
 Conjure Flame            Conj/Fire      ######..     1%          3    None
 Bolt of Cold             Conj/Ice       ######....   1%          6    #####..
 Lightning Bolt           Conj/Air       ######....   1%          5    ###....
 Slow                     Hex            ###.....     1%          2    None
 Throw Flame              Conj/Fire      ######       0%          2    None
 Blink                    Tloc           N/A          1%          2    None
 Iskenderun's Mystic Bla  Conj           #######.     0%          4    None
 Animate Dead             Necr           N/A          1%          4    None
 Ozocubu's Refrigeration  Ice            #####.....   9%          6    #####..
 Sticky Flame             Conj/Fire      ######..     1%          4    None
 Call Imp                 Summ           ###.....     1%          2    None
 Stone Arrow              Conj/Erth      ######       1%          3    None
 Shock                    Conj/Air       ####         1%          1    None
 Swiftness                Chrm/Air       ###.....     1%          2    None
 Recall                   Summ/Tloc      N/A          4%          3    None
 Ice Form                 Ice/Tmut       ####....     2%          4    None
 Death Channel            Necr           ######....   8%          6    #####..
 Airstrike                Air            ###.......   13%         4    None
 Flame Tongue             Conj/Fire      #####        0%          1    None
 Passwall                 Tmut/Erth      ####....     1%          2    None
 Metabolic Englaciation   Hex/Ice        ####......   8%          5    ###....
 Static Discharge         Conj/Air       ######..     1%          3    None
 Lee's Rapid Deconstruct  Erth           ######....   1%          5    ###....
 Sandblast                Erth           ######       1%          1    None
 Simulacrum               Ice/Necr       ######....   9%          6    #####..
 Petrify                  Tmut/Erth      ####....     2%          4    None
 Inner Flame              Hex/Fire       #####...     1%          3    None
 Fulminant Prism          Conj/Hex       ######....   1%          4    None
 Dazzling Spray           Conj/Hex       ######       1%          3    None
 Searing Ray              Conj           ######       0%          2    None


Dungeon Overview and Level Annotations

Branches:
Dungeon (15/15)            Temple (1/1) D:7            Lair (6/6) D:8
  Swamp (1/4) Lair:4       Spider (2/4) Lair:3        Slime (0/5) Lair:6
    Orc (2/2) D:11            Elf (1/3) Orc:2        Vaults (0/5) D:14
 Depths (0/5) D:15

Altars:
Ashenzari
Cheibriados
Dithmenos
Elyvilon
Fedhas
Gozag
Hepliaklqana
Kikubaaqudgha
Makhleb
Nemelex Xobeh
Okawaru
Qazlal
Ru
Sif Muna
Trog
Uskayaw
Vehumet
Wu Jian
Xom
Yredelemnul
Zin
The Shining One
Jiyva

Shops:
D:13 [   Orc:2 (=(*

Annotations:
D:8 3 runed doors, Amnesiac's ghost, novice SpMo; Mamutox's ghost, novice TrHu; TheNamelessOne's ghost, novice DsCK
D:11 Josephine
Lair:3 Asamotow's ghost, adept DsWn
Spider:1 exclusion: Roxanne, Roxanne
Spider:2 2 runed doors


Innate Abilities, Weirdness & Mutations

You can breathe blasts of fire.
Your fiery red scales are hard. (AC +9)
You cannot fit into any form of body armour.
Your flesh is heat resistant. (rF+)
You are cold-blooded and may be slowed by cold attacks.


Message History

Evoke which item? (* to show all) (? for menu, Esc to quit)
Aiming: Paralyse
Press: ? - help, Shift-Dir - straight line, f/p - demonic crawler
Aim: a demonic crawler (almost dead, clinging, chance to defeat MR: 13%)
Okay, then.
Okay, then.
Evoke which item? (* to show all) (? for menu, Esc to quit)
Okay, then.
Evoke which item? (* to show all) (? for menu, Esc to quit)
Okay, then.
Okay, then.
Evoke which item? (* to show all) (? for menu, Esc to quit)
Okay, then.
As you read the scroll labeled DOPROX GOPHUOFF, it crumbles to dust.
You assume a fearsome visage.
The demonic crawler is unaffected.
It was a scroll of fear.
The demonic crawler misses you.
You riposte.
You barely miss the demonic crawler.
The demonic crawler is almost dead.
You block the demonic crawler's attack. The demonic crawler hits you!
You die...

##.# ##.#........# #####..##
#..##......<# ##...#..^#
#.....^[.#..# ####.......##
####...>.#.#..# ##...#....##
###....#..#.##### ###...#...##
#......#....#..###
......#....####^#.#....#.......##
.#..#..#..##.#.....#..#.....#..##
...#.##.........@....#..#........
.#.##.†..###...s#.#...####..#.#..
.......#....#.....#.........##..#
......#.#.###.#...##.(#..#.#.#...
###.......##.......##^.#....#####
..#.#....##..##.#..###......## ##
.##.#.#.#....#.....# ####.#..###.
...........#..##.)## #.......#.
..#.#.....#......### ###...#...


You could see a demonic crawler.

Vanquished Creatures
  A deep elf sorcerer (Elf:1)
  A frost giant (IceCv)
  3 orc warlords
  An emperor scorpion (Spider:1)
  2 entropy weavers
  Azrael (Orc:2)
  A deep elf demonologist (Elf:1)
  A stone giant (Orc:2)
  A minotaur (Lab)
  2 deep elf death magi (Elf:1)
  Snorg (D:10)
  2 ogre magi (Orc:2)
  10 hydras
  4 vault guards (D:14)
  Erica (D:10)
  A merfolk avatar (Lair:6)
  3 centaur warriors
  2 catoblepae
  3 dancing weapons (Elf:1)
  11 two-headed ogres
  8 death yaks
  2 tengu warriors (D:15)
  2 orc high priests
  Nergalle (D:11)
  5 deep elf knights (Elf:1)
  An iron troll (Orc:2)
  4 skeletal warriors
  A deep troll (Orc:1)
  A glowing orange brain (D:15)
  3 unseen horrors
  7 deep elf archers
  A wizard (Elf:1)
  3 orb spiders (Spider:1)
  A lindwurm (Lair:6)
  2 orc knights (Orc:2)
  29 deep elf magi
  A wolf spider zombie (D:14)
  2 cyclopes
  A shining eye (shapeshifter) (D:15)
  4 orc sorcerers
  8 wolf spiders
  4 ugly things
  2 manticores (D:13)
  2 moths of wrath (Spider:1)
  A salamander (shapeshifter) (D:15)
  9 elephants (Lair:6)
  3 black mambas
  A torpor snail (Lair:6)
  2 gargoyles
  7 komodo dragons
  16 spiny frogs
  A yaktaur (shapeshifter) (D:15)
  2 kobold demonologists
  7 rime drakes
  4 demonic crawlers
  A tengu conjurer (Elf:1)
  A harpy zombie (D:14)
  23 polar bears
  3 hornets
  3 jumping spiders (Spider:1)
  12 trolls
  A queen bee (D:10)
  25 blink frogs
  3 wind drakes (Lair:6)
  2 blink frogs (shapeshifter)
  A raiju (shapeshifter) (Elf:1)
  6 dream sheep (Lair:6)
  9 hippogriffs
  2 wraiths
  16 slime creatures
  56 yaks
  13 redbacks
  A spriggan (Lair:5)
  A water elemental (Elf:1)
  A centaur simulacrum (D:11)
  A redback (shapeshifter) (D:15)
  5 tarantellas
  2 wyverns (Lair:6)
  2 vampires (D:12)
  6 fire bats (Lair:6)
  6 fire elementals
  13 vampire mosquitoes
  4 basilisks
  4 hungry ghosts
  5 wargs
  5 soldier ants
  16 water moccasins
  2 acid dragons
  A hell hound (Orc:2)
  3 porcupines
  29 orc warriors
  16 ice beasts
  7 black bears
  4 sky beasts
  2 necrophages
  3 phantoms
  2 centaurs
  29 ogres
  6 boggarts
  An eye of draining (D:13)
  28 wolves
  17 crocodiles
  4 big kobolds
  23 bullfrogs
  A wyvern zombie (D:14)
  An earth elemental (Lab)
  A wyvern skeleton (D:12)
  3 scorpions
  29 killer bees
  6 electric eels
  7 crimson imps
  5 centaur zombies
  3 howler monkeys
  3 lava snakes (Lair:6)
  A bullfrog zombie (D:10)
  A quasit (D:9)
  10 hounds
  19 orc priests
  7 jellies
  5 bullfrog skeletons
  8 centaur skeletons
  Jessica (D:3)
  Terence (D:3)
  8 iguanas
  23 orc wizards
  A statue (D:7)
  11 worker ants
  12 adders
  4 gnolls (Orc:2)
  A howler monkey skeleton (D:3)
  2 shadow imps (D:6)
  3 white imps (D:11)
  2 ufetubi (D:11)
  An ooze (D:4)
  An adder zombie (D:5)
  An adder skeleton (D:4)
  3 worms
  6 leopard geckos
  93 orcs
  8 bats
  2 giant cockroaches
  8 goblins
  12 hobgoblins
  6 jackals
  8 kobolds
  7 quokkas
  6 frilled lizards
  A leopard gecko skeleton (D:5)
  2 rats (D:3)
  A spectral orc (D:8)
  3 crawling corpses (Elf:1)
  A fire vortex (Lair:1)
  A plant (D:6)
976 creatures vanquished.

Vanquished Creatures (collateral kills)
  An orb spider (Spider:1)
  A wolf spider (Spider:1)
  A jumping spider (Spider:1)
  A tarantella (Spider:1)
  4 killer bees (D:10)
8 creatures vanquished.

Vanquished Creatures (others)
  A deep elf knight (Elf:1)
  An ogre (Orc:2)
  2 wolves (IceCv)
  2 centaurs (D:7)
  21 fungi
  22 plants
  A withered plant (D:8)
50 creatures vanquished.

Grand Total: 1034 creatures vanquished

Notes
Turn   | Place    | Note
-------+----------+-------------------------------------------
     0 | D:1      | KristoblXynda the Draconian Conjurer began the quest for the Orb.
     0 | D:1      | Reached XP level 1. HP: 14/14 MP: 3/3
   385 | D:1      | Reached XP level 2. HP: 20/20 MP: 3/5
  1277 | D:2      | Reached XP level 3. HP: 8/26 MP: 5/7
  2504 | D:2      | Reached XP level 4. HP: 30/33 MP: 8/8
  2571 | D:2      | Reached skill level 5 in Conjurations
  2802 | D:2      | Learned a level 3 spell: Dazzling Spray
  3078 | D:3      | Noticed Terence
  3092 | D:3      | Killed Terence
  3092 | D:3      | Reached XP level 5. HP: 30/38 MP: 2/10
  3399 | D:3      | Found a stormy altar of Qazlal.
  3483 | D:3      | Noticed Jessica
  3485 | D:3      | Killed Jessica
  3772 | D:4      | Reached XP level 6. HP: 45/45 MP: 7/12
  4232 | D:5      | Entered Level 5 of the Dungeon
  4476 | D:5      | Reached skill level 5 in Spellcasting
  4744 | D:5      | Your scales start taking on a fiery red colour.
  4744 | D:5      | Reached XP level 7. HP: 50/50 MP: 9/14
  4744 | D:5      | Gained mutation: Your flesh is heat resistant. (rF+) [Red Draconian growth]
  4775 | D:5      | Found a glowing silver altar of Zin.
  5922 | D:6      | Found a blossoming altar of Fedhas.
  5945 | D:6      | Found a sparkling altar of Nemelex Xobeh.
  5950 | D:6      | Reached XP level 8. HP: 57/57 MP: 11/17
  6013 | D:6      | Found a bloodstained altar of Trog.
  6087 | D:6      | Learned a level 3 spell: Mephitic Cloud
  6092 | D:6      | Learned a level 4 spell: Force Lance
  6696 | D:6      | Reached skill level 1 in Fighting
  7719 | D:7      | Found a staircase to the Ecumenical Temple.
  7976 | Temple   | Entered the Ecumenical Temple
  8059 | Temple   | Became a worshipper of Ashenzari the Shackled
  8085 | D:7      | Reached XP level 9. HP: 53/70 MP: 13/20
  8092 | D:7      | Found an iron altar of Okawaru.
  8320 | D:7      | Identified a +0 pair of boots of running (You found it on level 7 of the Dungeon)
  8969 | D:7      | Found a radiant altar of Vehumet.
  9069 | D:8      | Reached skill level 5 in Fighting
  9141 | D:8      | Found a staircase to the Lair.
 10013 | D:8      | Found a basalt altar of Yredelemnul.
 10231 | D:8      | Found a runed gate.
 10232 | D:8      | Found a runed gate.
 10233 | D:8      | Found a runed gate.
 10247 | D:8      | Noticed TheNamelessOne's ghost (novice DsCK)
 10247 | D:8      | Noticed Mamutox's ghost (novice TrHu)
 10285 | D:8      | Reached skill level 10 in Conjurations
 10542 | D:8      | Noticed Amnesiac's ghost (novice SpMo)
 10632 | D:9      | Noticed a two-headed ogre
 10643 | D:9      | Killed a two-headed ogre
 10643 | D:9      | Reached XP level 10. HP: 78/81 MP: 12/22
 10873 | D:9      | Noticed a gargoyle
 10979 | D:9      | Killed a gargoyle
 11211 | D:9      | Found a hide-covered altar of Uskayaw.
 11466 | D:10     | Entered Level 10 of the Dungeon
 11549 | D:10     | Noticed Erica
 11875 | D:10     | Reached skill level 5 in Dodging
 12225 | D:10     | Killed Erica
 12645 | D:10     | Noticed Snorg
 12658 | D:10     | Killed Snorg
 12658 | D:10     | Reached skill level 10 in Spellcasting
 12658 | D:10     | Reached skill level 1 in Evocations
 12658 | D:10     | Reached XP level 11. HP: 73/87 MP: 2/25
 13164 | D:10     | Killed an unseen horror
 14076 | D:10     | Reached * piety under Ashenzari
 14627 | D:11     | Noticed Nergalle
 14652 | D:11     | HP: 3/87 [spectral orc warrior/mace[Nergalle] (2)]
 15294 | D:11     | Found a frozen archway.
 15311 | IceCv    | Entered an ice cave
 15910 | IceCv    | Reached skill level 1 in Long Blades
 15910 | IceCv    | Reached skill level 5 in Evocations
 16241 | IceCv    | Noticed a death yak
 16263 | IceCv    | Killed a death yak
 16817 | IceCv    | Reached XP level 12. HP: 48/94 MP: 22/27
 17531 | IceCv    | Noticed a frost giant
 17531 | IceCv    | Noticed a death yak
 17538 | IceCv    | Killed a death yak
 17541 | IceCv    | Killed a frost giant
 17929 | D:11     | Found a staircase to the Orcish Mines.
 18302 | D:10     | Learned a level 4 spell: Iskenderun's Mystic Blast
 18798 | D:11     | Noticed Josephine
 18998 | Lair:1   | Entered Level 1 of the Lair of Beasts
 19011 | Lair:1   | Reached ** piety under Ashenzari
 19700 | Lair:1   | Reached *** piety under Ashenzari
 19995 | Lair:2   | Reached skill level 5 in Long Blades
 20715 | Lair:2   | Learned a level 6 spell: Freezing Cloud
 21558 | Lair:3   | Reached XP level 13. HP: 100/100 MP: 29/29
 23300 | Lair:3   | Found a hole to the Spider Nest.
 25395 | Lair:4   | Found a staircase to the Swamp.
 26103 | Swamp:1  | Entered Level 1 of the Swamp
 26103 | Swamp:1  | Reached **** piety under Ashenzari
 26191 | Lair:5   | Identified a scroll of acquirement
 26430 | Lair:5   | Reached skill level 1 in Shields
 27711 | Lair:6   | Entered Level 6 of the Lair of Beasts
 28040 | Lair:6   | Found a viscous altar of Jiyva.
 28040 | Lair:6   | Found a staircase to the Slime Pits.
 28083 | Lair:6   | Reached XP level 14. HP: 66/111 MP: 6/30
 29936 | Lair:6   | Reached skill level 1 in Ice Magic
 30513 | Lair:6   | Identified the +9 spear of Agapp {antimagic, +Fly rPois}
 31418 | D:11     | Killed Nergalle
 31861 | D:12     | Reached ***** piety under Ashenzari
 33722 | D:13     | Learned a level 5 spell: Fireball
 33776 | D:13     | Found a hide-covered altar of Uskayaw.
 33932 | D:13     | Found Uqydghes's Antique Armour Boutique.
 33973 | D:12     | Reached skill level 10 in Long Blades
 33973 | D:12     | Reached XP level 15. HP: 97/124 MP: 25/32
 34766 | D:13     | Reached skill level 1 in Fire Magic
 35228 | D:13     | Bought an embroidered scarf for 280 gold pieces
 35714 | D:14     | Found a gate to the Vaults.
 36074 | D:14     | Reached skill level 10 in Fighting
 36724 | D:14     | Reached skill level 5 in Ice Magic
 36826 | D:15     | Entered Level 15 of the Dungeon
 36960 | D:15     | Found a labyrinth entrance.
 36969 | Lab      | Entered a labyrinth
 36985 | Lab      | Reached ****** piety under Ashenzari
 37189 | Lab      | Reached skill level 5 in Fire Magic
 37328 | Lab      | Found the amulet of the Air {Inacc +Fly rElec EV+5 RMsl}
 37328 | Lab      | Identified a +0 pair of boots of running
 38164 | D:15     | Found a staircase to the Depths.
 38598 | Orc:1    | Entered Level 1 of the Orcish Mines
 38598 | Orc:1    | Noticed an orc warlord
 38636 | D:11     | Killed an orc warlord
 39255 | Orc:1    | Learned a level 5 spell: Borgnjor's Vile Clutch
 39268 | Orc:2    | Entered Level 2 of the Orcish Mines
 39268 | Orc:2    | Found Rilanwoc's Assorted Antiques.
 39281 | Orc:2    | Reached skill level 1 in Necromancy
 39498 | Orc:1    | Reached XP level 16. HP: 61/134 MP: 26/34
 40084 | Orc:2    | Found Cich's Jewellery Shoppe.
 40084 | Orc:2    | Found Pagru's Antique Weapon Shop.
 40091 | Orc:2    | Found Zabraghae's Weapon Boutique.
 40558 | Orc:2    | Reached skill level 1 in Earth Magic
 40675 | Orc:2    | Found a staircase to the Elven Halls.
 40924 | Orc:2    | Noticed Azrael
 40941 | Orc:2    | Killed Azrael
 41276 | Elf:1    | Entered Level 1 of the Elven Halls
 41343 | Elf:1    | Reached skill level 15 in Conjurations
 42056 | Elf:1    | Reached skill level 5 in Necromancy
 42206 | Elf:1    | Reached skill level 15 in Spellcasting
 43328 | Spider:1 | Entered Level 1 of the Spider Nest
 44596 | Spider:1 | Reached XP level 17. HP: 136/140 MP: 30/36
 44661 | Spider:1 | Reached skill level 5 in Earth Magic
 44878 | Spider:1 | Noticed Roxanne
 44923 | Spider:1 | Noticed Asamotow's ghost (adept DsWn)
 44930 | Spider:1 | Found a runed gate.
 44930 | Spider:1 | Found a runed gate.
 44932 | Spider:1 | Found a runed gate.
 45464 | Spider:2 | Found a runed gate.
 45465 | Spider:2 | Found a runed gate.
 45679 | Spider:1 | HP: 5/140 [demonic crawler (9)]
 45688 | Spider:1 | Slain by a demonic crawler

Vault maps used:
D:1:      ebering_trefoil_3fold, chequers_big_river
D:3:      first_ration, nicolae_qazlal_eye_of_the_storm, uniq_jessica,
          uniq_terence
D:5:      overflow_temple_1_default
D:6:      cheibrodos_two_vegetables, old_standard_altar,
          nemelex_xobeh_ov_fountains_minmay, fedhas_altar_decomposition
D:7:      vehumet_statue, minmay_temple_entry_overgrown, serial_corexii_hall,
          corexii_hall_statues_u, corexii_hall_statues_i,
          corexii_hall_statues_i, basic_altar
D:8:      yredelemnul_forgotten_temple_becter, lair_entry_dummy,
          gammafunk_ghost_cemetery
D:9:      eat_drink_and_be_merry_uskayaw
D:10:     special_room, uniq_erica, uniq_snorg
D:11:     orc_0_dummy, serial_ice, serial_ice_j, serial_ice_b, serial_ice_m,
          serial_ice_e, portal_ice_cave_entry_ice_beasts, uniq_josephine,
          uniq_nergalle
D:12:     serial_co_window_serial, co_window_paths_a,
          co_window_of_opportunity_a, co_window_corner_a, co_window_corner_a,
          co_window_paths_a, co_window_corner_a, co_window_unsneaky_path_d,
          co_window_of_opportunity_b, co_window_broadway_a, co_window_4corner_b,
          co_window_4corner_a, glass_columns_a, glass_columns_b,
          glass_columns_a, glass_columns_a, glass_columns_a,
          hangedman_pestilent_swarm
D:13:     hangedman_arrow_trap, serial_shops, shop_fountains, basic_altar
D:14:     lightli_vaults_fourway_checkpoint
D:15:     gammafunk_enter_depths_forms, lab_entry_generic
Temple:   compressed_dpeg_circular_temple
Lair:1:   special_room, serial_bayou_shore_b
Lair:2:   beast_lair_carwin_2
Lair:3:   spider_nest_entry_a
Lair:4:   swamp_mist_pool, st_stairs_5, lemuel_fruit_fields, grunt_megastairs_2,
          serial_bayou_shore_b
Lair:5:   grunt_forest_stairs_clearing
Lair:6:   gammafunk_lair_ancient_temple, slime_altar_1,
          hangedman_lair_generics_rect
Swamp:1:  hangedman_swamp_blocks, infiniplex_staircase_pool, uniq_donald
Spider:1: gammafunk_ghost_split, uniq_roxanne
Spider:2: gammafunk_ghost_necromancy
Orc:1:    library_closet, uniq_erolcha, uniq_harold
Orc:2:    st_orc_open, uniq_azrael
Elf:1:    elf_arrival_001, hangedman_elf_disciples
Lab:      labyrinth_hidden_loot, nicolae_lab_dead_end, nicolae_lab_garden,
          nicolae_lab_x, nicolae_lab_very_dead_end, nicolae_lab_plus,
          nicolae_lab_grate_2, nicolae_lab_do_over, nicolae_lab_diamond
IceCv:    ice_cave_caverns_03

Skill      XL: |  1  2  3  4  5  6  7  8  9 10 11 12 13 14 15 16 17 |
---------------+----------------------------------------------------+-----
Spellcasting   | 3 4 5 6 7 8 10 11 12 13 14 15 | 15.2
Conjurations   | 5 6 7 9 10 11 12 13 14 15 | 15.6
Fighting       | 3 5 6 9 10 | 10.2
Dodging        | 3 5 6 8 |  8.9
Evocations     | 1 5 7 8 9 |  9.0
Long Blades    | 2 5 8 10 | 10.2
Shields        | 3 |  3.2
Ice Magic      | 3 5 |  5.0
Fire Magic     | 5 |  5.6
Necromancy     | 2 5 |  5.3
Earth Magic    | 4 5 |  5.2
Stealth        | 2 |  2.1
Poison Magic   | |  0.4

Action                   |  1- 3 |  4- 6 |  7- 9 | 10-12 | 13-15 | 16-18 || total
-------------------------+-------+-------+-------+-------+-------+-------++-------
Melee: Unarmed           |    15 |       |       |       |       |       ||    15
       Tailslap          |     9 |    11 |     8 |    56 |   139 |    84 ||   307
       Whip              |    46 |    91 |   136 |    63 |       |       ||   336
       Dagger            |     6 |       |       |       |       |       ||     6
       Scimitar          |       |       |       |   359 |  1120 |   518 ||  1997
 Cast: Magic Dart        |    39 |    78 |   339 |   436 |    72 |       ||   964
       Dazzling Spray    |       |     3 |       |     1 |       |       ||     4
       Mephitic Cloud    |       |       |     3 |    51 |    48 |    38 ||   140
       Force Lance       |       |       |       |    41 |   154 |    27 ||   222
       Iskenderun's Myst |       |       |       |    29 |   100 |       ||   129
       Fireball          |       |       |       |       |    25 |    18 ||    43
       Freezing Cloud    |       |       |       |       |    19 |    40 ||    59
       Borgnjor's Vile C |       |       |       |       |       |     5 ||     5
Invok: Curse Item        |       |       |     3 |     1 |     3 |       ||     7
 Abil: Breathe Fire      |       |       |    13 |    21 |    22 |     3 ||    59
Evoke: Wand              |       |       |       |    16 |     9 |     6 ||    31
       Lamp of fire      |       |       |       |     2 |       |     1 ||     3
  Use: Potion            |     1 |     1 |     1 |     5 |     1 |     2 ||    11
       Scroll            |       |     6 |     7 |    15 |    14 |     2 ||    44
 Stab: Sleeping          |     3 |     2 |       |       |    11 |       ||    16
       Confused          |       |       |       |     3 |    15 |    15 ||    33
       Paralysed         |       |       |       |    18 |     3 |       ||    21
       Distracted        |       |       |       |       |     1 |     2 ||     3
  Eat: Chunk             |     4 |     7 |    13 |    24 |    29 |    17 ||    94
       Ration            |       |     1 |     2 |     5 |    12 |     4 ||    24
Armor: Skin              |    30 |    34 |    78 |   177 |   273 |   107 ||   699
Dodge: Dodged            |    44 |    67 |   122 |   359 |   488 |   307 ||  1387
       Deflected         |       |       |       |       |     9 |     7 ||    16
Block: Other             |       |     4 |    52 |   133 |    23 |       ||   212
       Reflection        |       |       |     5 |     1 |    16 |    11 ||    33
       Buckler           |       |       |       |       |   540 |   327 ||   867
       Rpst.: Scimitar   |       |       |       |    81 |   134 |    69 ||   284

Table legend:
 A = Spawn XP
 B = Non-spawn XP
 C = Spawn XP percentage of total XP
 D = Spawn monster count
 E = Non-spawn monster count
 F = Spawn count percentage of total count
 G = Total turns spent on level
                    A         B        C        D         E        F      G
               +---------+---------+-------+---------+---------+-------+---------
         Total |       0 |  225341 |   0.0 |       0 |     981 |   0.0 | 45688
               +---------+---------+-------+---------+---------+-------+---------
           D:1 |       0 |      20 |   0.0 |       0 |      12 |   0.0 |  1178
           D:2 |       0 |     118 |   0.0 |       0 |      32 |   0.0 |  1607
           D:3 |       0 |     186 |   0.0 |       0 |      27 |   0.0 |   836
           D:4 |       0 |     229 |   0.0 |       0 |      12 |   0.0 |   818
           D:5 |       0 |     858 |   0.0 |       0 |      21 |   0.0 |  1461
           D:6 |       0 |     981 |   0.0 |       0 |      22 |   0.0 |  1819
           D:7 |       0 |    1595 |   0.0 |       0 |      23 |   0.0 |  1235
           D:8 |       0 |    1093 |   0.0 |       0 |      26 |   0.0 |  1607
           D:9 |       0 |    2272 |   0.0 |       0 |      16 |   0.0 |   931
          D:10 |       0 |    7649 |   0.0 |       0 |      59 |   0.0 |  3195
          D:11 |       0 |    6890 |   0.0 |       0 |      49 |   0.0 |  2713
          D:12 |       0 |    9811 |   0.0 |       0 |      50 |   0.0 |  2519
          D:13 |       0 |   12300 |   0.0 |       0 |      42 |   0.0 |  1490
          D:14 |       0 |   16280 |   0.0 |       0 |      46 |   0.0 |  1166
          D:15 |       0 |    9776 |   0.0 |       0 |      25 |   0.0 |  1308
        Lair:1 |       0 |    1752 |   0.0 |       0 |      12 |   0.0 |   991
        Lair:2 |       0 |    6138 |   0.0 |       0 |      34 |   0.0 |  1584
        Lair:3 |       0 |   11102 |   0.0 |       0 |      36 |   0.0 |  3400
        Lair:4 |       0 |    4251 |   0.0 |       0 |      18 |   0.0 |  2295
        Lair:5 |       0 |   12841 |   0.0 |       0 |      38 |   0.0 |  2592
        Lair:6 |       0 |   24887 |   0.0 |       0 |      77 |   0.0 |  2303
      Spider:1 |       0 |   14436 |   0.0 |       0 |      36 |   0.0 |  1310
      Spider:2 |       0 |     802 |   0.0 |       0 |       2 |   0.0 |    24
         Orc:1 |       0 |    7313 |   0.0 |       0 |      48 |   0.0 |  1181
         Orc:2 |       0 |   24990 |   0.0 |       0 |     113 |   0.0 |  1223
         Elf:1 |       0 |   33344 |   0.0 |       0 |      59 |   0.0 |  1835
           Lab |       0 |    3041 |   0.0 |       0 |       5 |   0.0 |   385
         IceCv |       0 |   10386 |   0.0 |       0 |      41 |   0.0 |  2585
               +---------+---------+-------+---------+---------+-------+---------
